 Dungeon Crawl Stone Soup version 0.25.1-2-g60ff931df9 (webtiles) character file.

Game seed: 4464091460231272786

9987 hawla the Cleaver (level 11, -1/97 HPs)
             Began as a Minotaur Berserker on Oct 18, 2020.
             Was a High Priest of Trog.
             Slain by a gargoyle
             ... wielding a +0 morningstar
              (20 damage)
             ... on level 11 of the Dungeon.
             The game lasted 00:29:13 (13245 turns).

hawla the Cleaver (Minotaur Berserker)             Turns: 13245, Time: 00:29:13

Health: -1/97      AC: 14    Str: 24    XL:     11   Next: 30%
Magic:  11/11      EV: 12    Int:  4    God:    Trog [*****.]
Gold:   264        SH:  0    Dex: 11    Spells: 10/10 levels left

rFire    + . .     SeeInvis +   E - +6 broad axe (vorpal)
rCold    . . .     Gourm    .   (no shield)
rNeg     . . .     Faith    .   K - +1 chain mail {rF+}
rPois    .         Spirit   .   (helmet restricted)
rElec    .         Reflect  .   (no cloak)
rCorr    .         Harm     .   w - +0 pair of gloves
MR       +....                  (no boots)
Stlth    ..........             (no amulet)
HPRegen  0.26/turn              r - ring of see invisible
MPRegen  0.12/turn              y - ring of protection from magic

@: no status effects
A: retaliatory headbutt, horns 2
a: Berserk, Trog's Hand, Brothers in Arms, Renounce Religion


You were on level 11 of the Dungeon.
You worshipped Trog.
Trog was extremely pleased with you.
You were not hungry.

You visited 2 branches of the dungeon, and saw 13 of its levels.
You also visited: Sewer.

You collected 564 gold pieces.
You spent 300 gold pieces at shops.

Inventory:

Hand Weapons
 o - a +0 quarterstaff
 t - a +3 glaive
 E - a +6 vorpal broad axe (weapon)
Missiles
 b - 17 boomerangs (quivered)
 l - 32 poisoned darts
 A - 3 atropa-tipped darts
 D - 7 silver boomerangs
Armour
 w - a +0 pair of gloves (worn)
 z - a +1 troll leather armour {Snorg}
 K - a +1 chain mail of fire resistance (worn)
Jewellery
 e - a +4 ring of evasion
 f - an uncursed ring of ice
 r - a ring of see invisible (left hand)
 y - a ring of protection from magic (right hand)
Wands
 a - a wand of flame (9)
 B - a wand of iceblast (5)
 J - a wand of polymorph (7)
Scrolls
 h - 2 scrolls of fear
 i - 2 scrolls of enchant armour
 n - 3 scrolls of teleportation
 q - 2 scrolls of identify
 u - 3 scrolls of enchant weapon
 v - 3 scrolls of remove curse
 H - a scroll of blinking {unknown}
 I - a scroll of acquirement {unknown}
Potions
 d - 5 potions of stabbing
 g - 9 potions of curing
 j - a potion of berserk rage
 k - 2 potions of heal wounds
 m - 3 potions of lignification {unknown}
 s - a potion of magic {unknown}
 x - 2 potions of might
 C - a potion of flight
Comestibles
 c - 14 rations


   Skills:
 + Level 9.4 Fighting
 + Level 12.8(13.0) Axes
 + Level 2.8(9.3) Polearms
 + Level 3.4(4.0) Staves
 + Level 1.3 Throwing
 + Level 10.1 Armour
 + Level 8.8 Dodging
 + Level 1.7 Evocations


You had 10 spell levels left.
You didn't know any spells.
Your spell library was empty.

Dungeon Overview and Level Annotations

Branches:
Dungeon (12/15)            Temple (1/1) D:7            Lair (0/6) D:11
    Orc (0/2) D:10          Sewer (visited)

Altars:
Cheibriados
Dithmenos
Elyvilon
Gozag
Hepliaklqana
Kikubaaqudgha
Ru
Sif Muna
Trog
Wu Jian
Xom
Yredelemnul
Zin

Shops:
D:5 %   D:8 }(   D:9 [   D:11 :

Annotations:
D:7 1 runed translucent door, tinescath's ghost, novice DEWz
D:8 1 runed translucent door


Innate Abilities, Weirdness & Mutations

You reflexively headbutt those who attack you in melee.
You have a pair of horns on your head.


Message History

The gargoyle hurls a stone arrow at you.
The stone arrow hits you.
You hit the gargoyle.
The gargoyle is moderately damaged.
The gargoyle hurls a stone arrow at you.
The stone arrow misses you.
You hit the gargoyle. You headbutt the gargoyle!
The gargoyle is severely damaged.
The orc priest mumbles some strange prayers to Beogh against you.
Beogh smites you!
The gargoyle hurls a stone arrow at you.
The stone arrow hits you!
* * * LOW HITPOINT WARNING * * *
The gargoyle hits you with a +0 morningstar!!
* * * LOW HITPOINT WARNING * * *
You climb upwards.
There is a stone staircase leading down here.
You feel much better.
The gargoyle hits you with a +0 morningstar!!
You die...

#.######## #.# #.#
#.# #.# #.# #.# #.#
#.# #.# #.# #.# #.#
#.# #9# #.# #@#
#.####
##)###########.....
#.........?..######
#..#########.######
#..# #.#..... #..#
#.#.#### #..# #.#.#
#..##### #.#.#
#..>...# #.#.#


You could see a gargoyle.

Vanquished Creatures
  Snorg (D:11)
  A hydra (D:8)
  A two-headed ogre (D:11)
  Pikel (D:6)
  Maurice (D:10)
  A gargoyle (D:11)
  A troll (D:12)
  2 hippogriffs
  2 dream sheep (D:8)
  Sigmund (D:3)
  6 yaks
  A hungry ghost (D:10)
  Menkaure (D:5)
  An acid dragon (D:11)
  3 orc warriors
  4 sky beasts
  2 ice beasts
  A phantom (D:6)
  3 centaurs
  A crocodile (D:11)
  A bullfrog (D:8)
  7 big kobolds
  2 scorpions
  10 wights
  3 howler monkeys
  7 crimson imps
  A centaur zombie (D:6)
  2 bullfrog zombies (D:10)
  A jelly (D:10)
  5 hounds
  A centaur skeleton (D:12)
  8 orc priests
  14 orc wizards
  3 bullfrog skeletons
  Ijyb (D:4)
  2 iguanas
  7 worker ants
  A hound zombie (D:7)
  A hound skeleton (D:4)
  A howler monkey zombie (D:8)
  A worker ant zombie (D:6)
  8 gnolls
  15 adders
  8 river rats
  2 oozes
  4 worms
  6 dart slugs
  2 leopard geckos
  48 orcs
  5 giant cockroaches
  2 gnoll zombies (D:2)
  8 goblins
  11 hobgoblins
  9 jackals
  30 kobolds
  3 quokkas
  3 ball pythons
  6 bats
  6 frilled lizards
  A quokka skeleton (D:6)
  30 rats
321 creatures vanquished.

Notes
Turn   | Place    | Note
-------+----------+-------------------------------------------
     0 | D:1      | hawla the Minotaur Berserker began the quest for the Orb.
     0 | D:1      | Reached XP level 1. HP: 19/19 MP: 0/0
   151 | D:1      | Reached XP level 2. HP: 24/27 MP: 1/1
   272 | D:1      | Reached skill level 4 in Axes
   383 | D:1      | Reached ** piety under Trog
   438 | D:1      | Reached XP level 3. HP: 33/33 MP: 2/2
   798 | D:2      | Found a snail-covered altar of Cheibriados.
  1184 | D:2      | Reached XP level 4. HP: 33/41 MP: 3/3
  1188 | D:2      | Reached skill level 5 in Axes
  1431 | D:2      | Found a basalt altar of Yredelemnul.
  1982 | D:3      | Reached XP level 5. HP: 13/47 MP: 4/4
  2644 | D:3      | Reached *** piety under Trog
  2652 | D:3      | Noticed Sigmund
  2665 | D:3      | Killed Sigmund
  2665 | D:3      | Reached skill level 5 in Fighting
  2665 | D:3      | Reached skill level 6 in Axes
  2665 | D:3      | Reached XP level 6. HP: 19/56 MP: 5/5
  2913 | D:3      | Found an ancient bone altar of Kikubaaqudgha.
  3330 | D:4      | Found a sacrificial altar of Ru.
  3330 | D:4      | Found a snail-covered altar of Cheibriados.
  3330 | D:4      | Found a glowing silver altar of Zin.
  3330 | D:4      | Found a shimmering altar of Xom.
  3330 | D:4      | Found a bloodstained altar of Trog.
  3501 | D:4      | Noticed Ijyb
  3506 | D:4      | Killed Ijyb
  3544 | D:4      | Found a shadowy altar of Dithmenos.
  3625 | D:4      | Found a glowing drain.
  3676 | Sewer    | Entered a sewer
  3918 | Sewer    | Reached XP level 7. HP: 61/61 MP: 6/6
  3947 | Sewer    | Reached skill level 7 in Axes
  4052 | Sewer    | Reached skill level 5 in Dodging
  4127 | Sewer    | Reached **** piety under Trog
  5236 | D:5      | Entered Level 5 of the Dungeon
  5250 | D:5      | Reached skill level 8 in Axes
  5255 | D:5      | Noticed Menkaure
  5260 | D:5      | Reached XP level 8. HP: 41/70 MP: 7/7
  5559 | D:5      | Killed Menkaure
  5738 | D:5      | Reached skill level 9 in Axes
  5759 | D:5      | Got a steaming ring mail
  5770 | D:5      | Identified the +2 ring mail of Tenacity {Str+4} (You found
                  | it on level 5 of the Dungeon)
  6015 | D:5      | Found Fuoge's Food Shop.
  6044 | D:5      | Reached ***** piety under Trog
  6605 | D:6      | Noticed Pikel
  6629 | D:6      | Killed Pikel
  6629 | D:6      | Reached skill level 10 in Axes
  6629 | D:6      | Reached skill level 5 in Armour
  6629 | D:6      | Reached XP level 9. HP: 74/79 MP: 8/8
  7112 | D:6      | Found an ornate altar of the Wu Jian Council.
  7228 | D:6      | Found a hazy altar of Hepliaklqana.
  7465 | D:6      | Found a shimmering blue altar of Sif Muna.
  7620 | D:7      | Found an opulent altar of Gozag.
  7655 | D:7      | Found a runed translucent door.
  7661 | D:7      | Noticed tinescath's ghost (novice DEWz)
  7695 | D:7      | Found a staircase to the Ecumenical Temple.
  8323 | Temple   | Entered the Ecumenical Temple
  8599 | D:8      | Reached skill level 1 in Polearms
  8706 | D:8      | Reached skill level 1 in Throwing
  8967 | D:8      | Found Ryeseum's Weapon Shoppe.
  9195 | D:8      | Found Imagh's Gadget Shop.
  9198 | D:8      | Bought a wand of paralysis (5) for 105 gold pieces
  9198 | D:8      | Bought a wand of iceblast (9) for 195 gold pieces
  9264 | D:8      | Found a white marble altar of Elyvilon.
  9264 | D:8      | Noticed an angel
  9265 | D:8      | Found a runed translucent door.
  9469 | D:8      | Reached skill level 11 in Axes
  9508 | D:8      | Noticed a two-headed hydra
  9527 | D:8      | Killed a three-headed hydra
  9527 | D:8      | Reached skill level 1 in Evocations
  9527 | D:8      | Reached XP level 10. HP: 46/88 MP: 9/9
  9970 | D:9      | Found Yssit's Armour Emporium.
 10346 | D:10     | Entered Level 10 of the Dungeon
 10358 | D:10     | Received a gift from Trog
 10427 | D:10     | Found a staircase to the Orcish Mines.
 10875 | D:10     | Reached skill level 12 in Axes
 11162 | D:10     | Noticed Maurice
 11178 | D:10     | Killed Maurice
 11344 | D:10     | Reached skill level 1 in Staves
 12081 | D:11     | Noticed a gargoyle
 12086 | D:11     | Killed a gargoyle
 12086 | D:11     | Reached XP level 11. HP: 85/97 MP: 11/11
 12289 | D:11     | Found Ihuvilyh's Book Shop.
 12289 | D:11     | Noticed Snorg
 12301 | D:11     | Killed Snorg
 12600 | D:11     | Noticed a two-headed ogre
 12610 | D:11     | Killed a two-headed ogre
 12610 | D:11     | Reached skill level 10 in Armour
 12869 | D:11     | Found a staircase to the Lair.
 13245 | D:11     | Slain by a gargoyle

Illustrated notes

Levels and vault maps discovered:
D:1:      lightli_arrival_statuegarden, layout_loops_ring
D:2:      wad_lake_hut, layout_basic, lemuel_zombie_altar_yredelemnul,
          kennysheep_slug_shrine
D:3:      layout_basic, kiku_gazebo_pond_becter, first_ration, chequers_garden,
          uniq_sigmund
D:4:      layout_cave_pools, grunt_temple_overflow_open,
          lightli_sewer_entry_pipes, grunt_dithmenos_smoke, uniq_ijyb
D:5:      layout_basic, serial_shops, shop, uniq_menkaure
D:6:      layout_loops_corners, lemuel_coloured_pillars_altar,
          kennysheep_little_box, led_sif_book, uniq_pikel
D:7:      layout_cave_pods, grunt_gozag_statues, temple_doors_cd,
          ebering_ghost_reflecting_pool
D:8:      layout_basic, serial_shops, shop, shop, hangedman_ranch
          [blue_anna_fruit_fields], lemuel_angel_altar
D:9:      layout_rooms, serial_shops, nicolae_shop_crystal
D:10:     layout_cave_pods, hiddenorc2_lemuel, corexii_hall_statues_s,
          uniq_maurice
D:11:     layout_loops_ring, lair_entry_dummy, serial_shops,
          nicolae_shop_temple_entry_statues_fountains, uniq_snorg
D:12:     layout_basic, serial_shops, shop, nicolae_trove_entry_diagonal,
          uniq_rupert
Temple:   jpeg_temple_clearing

Skill      XL: |  1  2  3  4  5  6  7  8  9 10 11 |
---------------+----------------------------------+-----
Fighting       | 4 5 6 7 8 9 |  9.4
Axes           | 4 5 6 8 10 11 12 | 12.8
Dodging        | 3 4 5 6 8 |  8.8
Armour         | 3 5 7 9 10 | 10.1
Polearms       | 2 |  2.8
Throwing       | 1 |  1.3
Evocations     | 1 |  1.7
Staves         | 2 3 |  3.4

Action                   |  1- 3 |  4- 6 |  7- 9 | 10-12 || total
-------------------------+-------+-------+-------+-------++-------
Melee: Hand axe          |    58 |    36 |       |       ||    94
       Headbutt          |    12 |    21 |    50 |    54 ||   137
       War axe           |       |   119 |   290 |    46 ||   455
       Glaive            |       |     3 |    22 |     3 ||    28
       Broad axe         |       |       |       |   151 ||   151
       Quarterstaff      |       |       |       |    60 ||    60
Throw: Dart              |       |       |     3 |       ||     3
       Boomerang         |       |       |     6 |     2 ||     8
Evoke: Wand              |       |       |    13 |     1 ||    14
  Use: Scroll            |     2 |     4 |    11 |       ||    17
       Potion            |       |     2 |     3 |     1 ||     6
 Stab: Sleeping          |     1 |       |       |       ||     1
  Eat: Chunk             |     1 |     9 |     7 |     4 ||    21
       Ration            |       |       |     3 |     6 ||     9
Armor: Animal skin       |     3 |     1 |       |       ||     4
       Leather armour    |       |     9 |    11 |       ||    20
       Ring mail         |       |       |    11 |       ||    11
       Chain mail        |       |       |    68 |    69 ||   137
       Plate armour      |       |       |       |    58 ||    58
Dodge: Dodged            |    49 |   134 |   255 |   146 ||   584
